 Dungeon Crawl Stone Soup version 0.30-a0-137-gd8773701ce (webtiles) character file.

Game seed: 1237987469529444866

5 freelancePsychic the Caller (level 1, 0/13 HPs)
             Began as a Demonspawn Summoner on Sept 22, 2022.
             Slain by a giant cockroach (1 damage)
             ... on level 1 of the Dungeon.
             The game lasted 00:00:32 (258 turns).

freelancePsychic the Caller (Demonspawn Summoner)    Turns: 258, Time: 00:00:33

Health: 0/13       AC:  2    Str:  8    XL:     1   Next: 66%
Magic:  0/3        EV: 12    Int: 16    God:
Gold:   28         SH:  0    Dex: 13    Spells: 3/4 levels left

rFire   . . .      SeeInvis .    (no weapon)
rCold   . . .      Faith    .    (no shield)
rNeg    . . .      Spirit   .    a - +0 robe
rPois   .          Reflect  .    (no helmet)
rElec   .          Harm     .    (no cloak)
rCorr   .          Rampage  .    (no gloves)
Will    .....                    (no boots)
Stlth   ++........               (no amulet)
HPRegen 0.04/turn                (no ring)
MPRegen 0.08/turn                (no ring)

@: no status effects
A: no striking features
a: no special abilities


You were on level 1 of the Dungeon.
You visited 1 branch of the dungeon, and saw 1 of its levels.

You collected 28 gold pieces.

Inventory:

Armour
 a - a +0 robe (worn)
Scrolls
 c - a scroll of immolation {unknown}
Potions
 b - a potion of magic


   Skills:
 - Level 1.7 Dodging
 - Level 1.7 Stealth
 + Level 2.1 Spellcasting
 * Level 4.2 Summonings


You had 3 spell levels left.
You knew the following spells:

 Your Spells              Type           Power      Damage    Failure   Level
a - Summon Small Mammal   Summ           60%        N/A       3%          1

Your spell library contained the following spells:

 Spells                   Type           Power      Damage    Failure   Level
 Call Imp                 Summ           15%        N/A       5%          2
 Call Canine Familiar     Summ           15%        N/A       11%         3
 Summon Guardian Golem    Hex/Summ       8%         N/A       26%         3
 Summon Lightning Spire   Summ/Air       8%         N/A       65%         4


Dungeon Overview and Level Annotations

Branches:
Dungeon (1/15)

Altars:


Message History

* * * LOW HITPOINT WARNING * * *
The rat twitches its whiskers.
Casting: Summon Small Mammal (safe; 3% risk of failure)
Confirm with . or Enter, or press ? or * to list all spells.
Your bat misses the hobgoblin.
The giant cockroach bites you but does no damage.
Your bat closely misses the rat.
Your bat hits the rat but does no damage.
Your quokka bites the giant cockroach.
The rat bites your bat.
Your bat hits the rat.
The rat dies!
Your quokka bites the giant cockroach.
Your bat closely misses the hobgoblin.
Your bat completely misses the hobgoblin.
The hobgoblin hits your quokka.
Your bat barely misses the hobgoblin.
The giant cockroach closely misses you.
You closely miss the giant cockroach.
The giant cockroach is almost dead.
Your bat barely misses the hobgoblin.
Your quokka barely misses the giant cockroach.
Your bat barely misses the hobgoblin.
The giant cockroach bites you.
* * * LOW HITPOINT WARNING * * *
The hobgoblin barely misses your quokka.
Your quokka bites the giant cockroach but does no damage.
Your bat misses the hobgoblin. You closely miss the giant cockroach.
The giant cockroach is almost dead.
Your bat hits the hobgoblin but does no damage.
The giant cockroach bites you.
* * * LOW HITPOINT WARNING * * *
Your quokka barely misses the giant cockroach.
The hobgoblin hits your quokka.
Your quokka dies!
Your quokka's corpse disappears in a puff of smoke!
Okay, then.
You barely miss the giant cockroach.
The giant cockroach is almost dead.
Your bat hits the hobgoblin but does no damage.
Your bat hits the hobgoblin. The giant cockroach bites you.
You die...

#....# #.......#
########.#######
#.......##
.....#...#....#.
#.........
.###.#.###.##.#.
#......#
.....#...†.##.#.
#......#
###.......###.#.
##......# #.#####.#
#.#. #.......#
#.....#.#
#.#.######.......#
#####.#.#
#.#.@B§gb.†#####....
#.#.# #.#####.####
..## #...# #.#####.#
... ##### #.##....#
.. #.##.#### #.##.#
#(...# ######


You could see a giant cockroach, a hobgoblin (distracted, ally target) and a
friendly bat (summoned).

Vanquished Creatures (collateral kills)
  An endoplasm (D:1)
  A hobgoblin (D:1)
  2 bats (D:1)
  A rat (D:1)
5 creatures vanquished.

Notes
Turn   | Place    | Note
-------+----------+-------------------------------------------
     0 | D:1      | freelancePsychic the Demonspawn Summoner began the quest
                  | for the Orb.
     0 | D:1      | Reached XP level 1. HP: 13/13 MP: 3/3
   258 | D:1      | Slain by a giant cockroach

Illustrated notes

Levels and vault maps discovered:
D:1:      dpeg_arrival_short_road, layout_basic

Action                   || total
-------------------------++-------
Melee: Unarmed           ||    15
 Cast: Summon Small Mamm ||    10
Armor: Robe              ||     7
Dodge: Dodged            ||    18

Table legend: (Time is in decaauts)
 A = Elapsed time spent in this place.
 B = Non-inter-level travel time spent in this place.
 C = Inter-level travel time spent in this place.
 D = Time resting spent in this place.
 E = Time spent auto-exploring this place.
 F = Levels seen in this place.
 G = Mean time per level.
                   A        B        C        D        E       F      G
               +--------+--------+--------+--------+--------+-----+--------+
         Total |    258 |    258 |      0 |      0 |    199 |   1 |  258.0 |
       Dungeon |    258 |    258 |      0 |      0 |    199 |   1 |  258.0 |
               +--------+--------+--------+--------+--------+-----+--------+

Top non-repeatable levels by time:
     D:1: 258 daAuts
